 Dungeon Crawl Stone Soup version 0.18.1-6-gd335043 (webtiles) character file.

111 Etesian the Digger (level 4, 0/24 HPs)
             Began as a Deep Elf Earth Elementalist on May 16, 2016.
             Killed from afar by an orc wizard (4 damage)
             ... with a puff of flame
             ... on level 3 of the Dungeon.
             The game lasted 00:06:14 (2046 turns).

Etesian the Digger (Deep Elf Earth Elementalist)    Turns: 2046, Time: 00:06:15

Health: 0/24       AC:  5    Str:  5    XL:     4   Next: 62%
Magic:  0/10       EV: 14    Int: 18    God:
Gold:   98         SH:  0    Dex: 15    Spells: 2 memorised, 5 levels left

rFire  . . .     SeeInvis .     e - -3 trident (curse)
rCold  . . .     Gourm    .     m - +0 robe
rNeg   . . .     Faith    .     (no shield)
rPois  .         Spirit   .     k - +2 helmet
rElec  .         Dismiss  .     (no cloak)
rCorr  .         Reflect  .     (no gloves)
SustAt .         Harm     .     (no boots)
MR     .....                    (no amulet)
Stlth  ++........               (no ring)
                                j - -3 ring of intelligence (curse)

@: very slightly contaminated, not resistant to hostile enchantments, unstealthy
A: no striking features
a: no special abilities


You were on level 3 of the Dungeon.
You were not hungry.

You visited 1 branch of the dungeon, and saw 3 of its levels.

You collected 98 gold pieces.

Inventory:

Hand Weapons
 a - a +2 mace of holy wrath
 e - a cursed -3 trident (weapon)
Missiles
 b - a stone (quivered)
Armour
 k - a +2 helmet (worn)
 m - a +0 robe (worn)
Jewellery
 j - a cursed -3 ring of intelligence (left hand)
Potions
 f - a potion of heal wounds {unknown}
 g - 2 potions of berserk rage
 h - a potion of ambrosia
 i - a potion of lignification
 l - a potion of curing {unknown}
 n - a potion of might {unknown}
Books
 c - a book of Geomancy

   Spells                             Type                      Level
   a - Sandblast                      Earth                        1
   b - Passwall                       Transmutation/Earth          2
   c - Stone Arrow                    Conjuration/Earth            3
   d - Petrify                        Transmutation/Earth          4
   e - Lee's Rapid Deconstruction     Earth                        5
Comestibles
 d - 2 bread rations
 o - a royal jelly
 p - a slice of pizza


   Skills:
 + Level 3.9 Dodging
 - Level 2.4 Stealth
 - Level 3.0 Spellcasting
   Level 1.1 Transmutations
 * Level 5.2 Earth Magic


You had 5 spell levels left.
You knew the following spells:

 Your Spells              Type           Power        Failure   Level  Hunger
a - Sandblast             Erth           ###...       1%          1    None
b - Stone Arrow           Conj/Erth      ##....       21%         3    ###....


Dungeon Overview and Level Annotations

Branches:
Dungeon (3/15)

Altars:


Message History

Something hits you.
* * * LOW HITPOINT WARNING * * *
You take 3 damage, and have 6/24 hp.
Unknown command.
Casting: Sandblast
Confirm with . or Enter, or press ? or * to list all spells.
Aiming: Sandblast
Press: ? - help, Shift-Dir - straight line The blast of sand hits something.
* * * LOW MAGIC WARNING * * *
The orc hits you with a mace.
* * * LOW HITPOINT WARNING * * *
Something hits you but does no damage.
You take 2 damage, and have 4/24 hp.
You now have 0/10 mp.
Unknown command.
You barely miss something. The orc hits you but does no damage.
You hear some strange, mumbled words.
A puff of flame appears from out of thin air!
The puff of flame hits you!
You die...

.# ######. ...#
##+#####...... ...
.............
#.####.#.......... ###
#.#....#.......... ....
+................. .....
#.................
......#.................
.....bo@................
###..o##{..#.......##...
#...oo.?...###.....##...
#..o######.# #.....##...
#.. #.# ##+#####... #.
#.. #... # #### ....
....


You could see an orc wizard, 3 orcs and a bat.

Vanquished Creatures
  An orc priest (D:3)
  A worker ant zombie (D:2)
  2 adders (D:2)
  An ooze (D:1)
  A worm (D:2)
  2 dart slugs (D:1)
  A giant gecko (D:1)
  2 orcs
  A ball python (D:1)
  A giant cockroach (D:1)
  3 goblins
  6 hobgoblins
  4 jackals (D:1)
  5 bats
  3 giant newts (D:1)
  5 kobolds
  5 rats
44 creatures vanquished.

Notes
Turn   | Place    | Note
--------------------------------------------------------------
     0 | D:1      | Etesian the Deep Elf Earth Elementalist began the quest for the Orb.
     0 | D:1      | Reached XP level 1. HP: 10/10 MP: 6/6
   239 | D:1      | Reached XP level 2. HP: 15/15 MP: 5/8
   492 | D:1      | Reached skill level 4 in Earth Magic
   714 | D:1      | Reached XP level 3. HP: 17/19 MP: 1/9
   875 | D:2      | Learned a level 3 spell: Stone Arrow
  1620 | D:2      | Reached XP level 4. HP: 22/24 MP: 3/10
  1680 | D:3      | Reached skill level 5 in Earth Magic
  2046 | D:3      | Killed from afar by an orc wizard

Skill      XL: |  1  2  3  4 |
---------------+-------------+-----
Earth Magic    | 4 5 |  5.2
Dodging        | 3 |  3.9
Stealth        | |  2.4
Spellcasting   | |  3.0
Transmutations | |  1.1

Action                   |  1- 3 |  4- 6 || total
-------------------------+-------+-------++-------
Melee: Unarmed           |    23 |       ||    23
       Mace              |     7 |       ||     7
       Trident           |       |    15 ||    15
Throw: Stone             |     1 |       ||     1
 Cast: Sandblast         |    69 |     8 ||    77
       Stone Arrow       |     2 |     3 ||     5
  Use: Scroll            |     5 |       ||     5
 Stab: Sleeping          |     1 |       ||     1
  Eat: Chunk             |     2 |     2 ||     4
Armor: Robe              |    20 |     5 ||    25
Dodge: Dodged            |    47 |     9 ||    56
